 Dungeon Sprint DCSS version 0.29-a0-337-g68df138881 (webtiles) character file.

Game seed: 7143670020988331855

20464 mhtbhm the Impaler (level 12, -2/134 HPs)
             Began as a Red Draconian Berserker on Apr 16, 2022.
             Was the Champion of Trog.
             Slain by Rupert
             ... wielding a +2 great mace of protection
              (23 damage)
             ... in the Dungeon (Sprint IX: "|||||||||||||||||||||||||||||").
             The game lasted 00:05:46 (3135 turns).

mhtbhm the Impaler (Red Draconian Berserker)        Turns: 3135, Time: 00:05:47

Health: -2/134     AC: 10    Str: 27    XL:     12   Next: 45%
Magic:  12/12      EV: 17    Int:  7    God:    Trog [******]
Gold:   40         SH:  0    Dex: 12    Spells: 11/11 levels left

rFire   + . .      SeeInvis +   a - +2 glaive (flame)
rCold   . . .      Faith    .   (shield currently unavailable)
rNeg    . . .      Spirit   .   (body armour unavailable)
rPois   +          Reflect  .   s - +1 hat {SInv}
rElec   .          Harm     .   j - +0 cloak
rCorr   .          Rampage  .   (no gloves)
Will    .....      NoTele   +   (no boots)
Stlth   +++.......              (no amulet)
HPRegen 0.32/turn               k - +3 ring of strength
MPRegen 0.13/turn               y - ring of poison resistance

@: on berserk cooldown, slowed, very slow
A: breathe fire, AC +8, unfitting armour, fire resistance 1, cold-blooded
a: Breathe Fire, Renounce Religion, Berserk, Trog's Hand, Brothers in Arms


You were in the Dungeon.
You worshipped Trog.
Trog was exalted by your worship.
You visited 1 branch You collected 1955 gold pieces.
You spent 1915 gold pieces at shops.

Inventory:

Hand Weapons
 a - a +2 glaive of flaming (weapon)
Armour
 j - a +0 cloak (worn)
 s - a +1 hat of see invisible (worn)
 u - the +0 pair of fencer's gloves {Riposte Dex+3}
   (You bought it in a shop in the Dungeon)

   It allows the wearer to riposte with melee weapons, swiftly retaliating
   against missed attacks.
   Dex:       It affects your dexterity (+3).
Jewellery
 k - a +3 ring of strength (left hand)
 l - a +3 ring of strength
 r - a ring of see invisible
 x - a ring of fire
 y - a ring of poison resistance (right hand)
 z - a ring of willpower
Wands
 i - a wand of iceblast (6)
 t - a wand of flame (22)
Scrolls
 g - 5 scrolls of blinking
 n - a scroll of identify
 o - 2 scrolls of fog
 p - 4 scrolls of enchant weapon
 q - a scroll of fear
Potions
 b - 12 potions of curing
 c - 4 potions of haste
 d - a potion of mutation
 e - 4 potions of magic
 f - a potion of berserk rage
 h - a potion of invisibility
 m - 6 potions of heal wounds
 v - 2 potions of might
Miscellaneous
 w - a tin of tremorstones (2/2)


   Skills:
 + Level 20.6 Fighting
 + Level 20.8 Polearms
 + Level 13.5 Dodging
 + Level 7.5 Stealth
 + Level 4.0 Evocations


You had 11 spell levels left.
You didn't know any spells.
Your spell library was empty.

Dungeon Overview and Level Annotations

Branches:
Dungeon (1/1)

Altars:
Cheibriados
Dithmenos
Elyvilon
Fedhas
Gozag
Hepliaklqana
Kikubaaqudgha
Makhleb
Nemelex Xobeh
Okawaru
Qazlal
Ru
Sif Muna
Trog
Uskayaw
Vehumet
Wu Jian
Xom
Yredelemnul
Zin
The Shining One
Beogh
Jiyva
Lugonu

Shops:
D *!([

Annotations:
D Rupert


Innate Abilities, Weirdness & Mutations

You can breathe blasts of fire.
Your fiery red scales are hard. (AC +8)
You cannot fit into any form of body armour.
Your flesh is heat resistant. (rF+)
You are cold-blooded and may be slowed by cold attacks.


Message History

A red film seems to cover your vision as you go berserk!
You feel yourself moving faster!
You feel mighty!
Rupert asks, "You're a monster, aren't you?"
Rupert roars wildly at you.
You are confused.
You are too confused!
You are too confused!
You are too confused!
Unknown command.
Unknown command.
You feel a strong urge to attack something.
You bump into the unnaturally hard rock wall.
You bump into the unnaturally hard rock wall.
You feel your anger nearly subside.
Rupert roars madly and goes into a rage!
Rupert goes berserk!
You are no longer berserk.
You are exhausted.
You feel yourself slow down. Rupert misses you. x2
You're too confused to move!
Rupert hits you with a +2 great mace of protection!!
Rupert closely misses you.
You feel less confused. Rupert barely misses you.
You closely miss Rupert. Rupert barely misses you.
Rupert hits you with a +2 great mace of protection!!
You hit Rupert but do no damage.
Rupert hits you with a +2 great mace of protection! x2
You hit Rupert but do no damage.
Rupert hits you with a +2 great mace of protection!
You barely miss Rupert. You tail-slap Rupert, but do no damage.
Rupert hits you with a +2 great mace of protection!
Rupert hits you with a +2 great mace of protection!!
* * * LOW HITPOINT WARNING * * *
You barely miss Rupert. Rupert misses you.
You slice Rupert!! You burn Rupert.
Rupert is lightly wounded.
Rupert hits you with a +2 great mace of protection!!
You die...

▓..........................).....
▓▓▓▓▓▓▓▓▓▓▓▓▓▓▓▓▓▓▓▓▓▓▓▓▓▓▓▓▓▓▓▓▓
▓.........'....)∩)∩.∩)∩).)))'....
▓.▓▓▓▓▓▓▓▓▓▓▓▓▓▓▓▓▓▓▓▓▓▓▓▓▓▓▓▓▓▓▓
▓................................
▓▓▓▓▓▓▓▓▓▓▓▓▓▓▓▓▓▓▓▓▓▓▓▓▓▓▓▓▓▓▓▓▓
▓.........'.....)...)..))['[.....
▓.▓▓▓▓▓▓▓▓▓▓▓▓▓▓▓▓▓▓▓▓▓▓▓▓▓▓▓▓▓▓▓
▓...............@@.......
▓▓▓▓▓▓▓▓▓▓▓▓▓▓▓▓▓▓▓▓▓▓▓▓▓


You could see Rupert (berserk).

Vanquished Creatures
  Gastronok (D)
  A fire dragon (D)
  A rakshasa (D)
  An ice dragon (D)
  2 hydras (D)
  2 ogre magi (D)
  A centaur warrior (D)
  A tengu warrior (D)
  A fire crab (shapeshifter) (D)
  A skeletal warrior (D)
  A wizard (D)
  2 orc knights (D)
  A deep elf pyromancer (D)
  7 orc sorcerers (D)
  3 ugly things (D)
  A cyclops (D)
  Maurice (D)
  A cane toad (D)
  3 komodo dragons (D)
  A rime drake (D)
  A kobold demonologist (D)
  A tengu conjurer (D)
  6 polar bears (D)
  A troll (D)
  A hornet (D)
  A blink frog (D)
  A shadow (D)
  A wraith (D)
  A wyvern (D)
  Eustachio (D)
  A yak (D)
  An acid dragon (D)
  4 water moccasins (D)
  2 black bears (D)
  10 orc warriors (D)
  5 bullfrogs (D)
  A necrophage (D)
  4 orc priests (D)
  6 orc wizards (D)
  2 adders (D)
  A gnoll (D)
  A white imp (D)
  10 orcs (D)
  2 endoplasms (D)
  A jackal (D)
  A quokka (D)
  A kobold (D)
101 creatures vanquished.

Vanquished Creatures (collateral kills)
  A wraith (D)
  An orc wizard (D)
2 creatures vanquished.

Vanquished Creatures (others)
  A quokka simulacrum (D)
1 creature vanquished.

Grand Total: 104 creatures vanquished

Notes
Turn   | Place    | Note
-------+----------+-------------------------------------------
     0 | D        | mhtbhm the Draconian Berserker began the quest for the Orb.
     0 | D        | Reached XP level 1. HP: 19/19 MP: 1/1
    11 | D        | Reached ** piety under Trog
    58 | D        | Noticed a necrophage
    65 | D        | Reached XP level 2. HP: 28/28 MP: 2/2
    65 | D        | Reached *** piety under Trog
    68 | D        | Killed a necrophage
    69 | D        | Reached skill level 5 in Polearms
    69 | D        | Reached XP level 3. HP: 37/37 MP: 3/3
    69 | D        | Reached XP level 4. HP: 44/44 MP: 4/4
    72 | D        | Reached skill level 5 in Dodging
    80 | D        | Found a snail-covered altar of Cheibriados.
    80 | D        | Found a shadowy altar of Dithmenos.
    80 | D        | Found a white marble altar of Elyvilon.
    80 | D        | Found a blossoming altar of Fedhas.
    80 | D        | Found an opulent altar of Gozag.
    81 | D        | Found a hazy altar of Hepliaklqana.
    82 | D        | Found a viscous altar of Jiyva.
    83 | D        | Found an ancient bone altar of Kikubaaqudgha.
    84 | D        | Found a corrupted altar of Lugonu.
    85 | D        | Found a burning altar of Makhleb.
    86 | D        | Found a sparkling altar of Nemelex Xobeh.
    87 | D        | Found an iron altar of Okawaru.
    88 | D        | Found a stormy altar of Qazlal.
    89 | D        | Found a sacrificial altar of Ru.
    90 | D        | Found a shimmering blue altar of Sif Muna.
    91 | D        | Found a bloodstained altar of Trog.
    92 | D        | Found a hide-covered altar of Uskayaw.
    93 | D        | Found a radiant altar of Vehumet.
    94 | D        | Found an ornate altar of the Wu Jian Council.
    95 | D        | Found a shimmering altar of Xom.
    96 | D        | Found a basalt altar of Yredelemnul.
    97 | D        | Found a glowing silver altar of Zin.
    98 | D        | Found a glowing golden altar of the Shining One.
   294 | D        | Noticed a troll
   294 | D        | Noticed a wraith
   294 | D        | Noticed a kobold demonologist
   294 | D        | Noticed an acid dragon
   294 | D        | Noticed a hornet
   295 | D        | Paralysed by a hornet for 1 turns
   296 | D        | Noticed a sixfirhy
   297 | D        | Killed a hornet
   298 | D        | Reached XP level 5. HP: 28/56 MP: 5/5
   298 | D        | Reached XP level 6. HP: 31/62 MP: 6/6
   298 | D        | Noticed a smoke demon
   302 | D        | Noticed a hellwing
   307 | D        | HP: 2/93 [hellwing[a kobold demonologist] (8)]
   310 | D        | Killed an acid dragon
   310 | D        | Reached **** piety under Trog
   317 | D        | Killed a kobold demonologist
   318 | D        | Reached skill level 10 in Fighting
   318 | D        | Reached skill level 10 in Polearms
   318 | D        | Your scales start taking on a fiery red colour.
   318 | D        | Reached XP level 7. HP: 4/73 MP: 7/7
   318 | D        | Gained mutation: Your flesh is heat resistant. (rF+) [Red
                  | Draconian growth]
   329 | D        | Killed a wraith
   347 | D        | Killed a troll
   348 | D        | Reached XP level 8. HP: 16/82 MP: 8/8
   648 | D        | Noticed a komodo dragon
   648 | D        | Noticed a cyclops
   648 | D        | Noticed a cyan ugly thing
   648 | D        | Noticed a skeletal warrior
   656 | D        | Reached ***** piety under Trog
   656 | D        | Killed a komodo dragon
   657 | D        | Reached skill level 1 in Evocations
   662 | D        | Killed a skeletal warrior
   663 | D        | Reached XP level 9. HP: 79/92 MP: 9/9
   669 | D        | Killed a cyan ugly thing
   671 | D        | Killed a cyclops
   672 | D        | Reached skill level 15 in Polearms
   677 | D        | Reached skill level 10 in Dodging
   996 | D        | Noticed a komodo dragon
  1000 | D        | Killed a komodo dragon
  1001 | D        | Reached skill level 1 in Stealth
  1001 | D        | Received a gift from Trog
  1005 | D        | Noticed a cane toad
  1025 | D        | Killed a cane toad
  1026 | D        | Reached XP level 10. HP: 78/104 MP: 10/10
  1290 | D        | Noticed a seven-headed hydra
  1294 | D        | Identified the +12 short sword of Drought {vorpal, *Rage
                  | Will+ rCorr Stlth+} (Trog gifted it to you in the Dungeon)
  1294 | D        | Received a gift from Trog
  1294 | D        | Reached ****** piety under Trog
  1295 | D        | Noticed a seven-headed hydra
  1393 | D        | Killed a seven-headed hydra
  1394 | D        | Reached skill level 15 in Fighting
  1402 | D        | Killed a seven-headed hydra
  1406 | D        | Received a gift from Trog
  1905 | D        | Reached XP level 11. HP: 115/116 MP: 11/11
  1948 | D        | Noticed Eustachio
  1949 | D        | Noticed Gastronok
  1965 | D        | Killed Gastronok
  1965 | D        | Received a gift from Trog
  1979 | D        | Killed Eustachio
  2022 | D        | Noticed Maurice
  2030 | D        | Killed Maurice
  2057 | D        | Received a gift from Trog
  2074 | D        | Received a gift from Trog
  2278 | D        | Noticed an orc knight
  2290 | D        | Received a gift from Trog
  2298 | D        | Killed an orc knight
  2315 | D        | Received a gift from Trog
  2451 | D        | Found Fomiatsu's Antique Armour Boutique.
  2451 | D        | Noticed an orc sorcerer
  2451 | D        | Noticed an orc sorcerer
  2452 | D        | Noticed an orc sorcerer
  2456 | D        | Killed an orc sorcerer
  2457 | D        | Noticed an orc sorcerer
  2459 | D        | Found Turatis's Weapon Shop.
  2464 | D        | Killed an orc sorcerer
  2464 | D        | Received a gift from Trog
  2466 | D        | Noticed an orc sorcerer
  2474 | D        | Killed an orc sorcerer
  2475 | D        | Reached skill level 5 in Stealth
  2475 | D        | Found Ukuopp's Distillery.
  2476 | D        | Noticed a soul eater
  2482 | D        | Killed an orc sorcerer
  2482 | D        | Received a gift from Trog
  2484 | D        | Found Lustrygiq's General Store.
  2489 | D        | Killed an orc sorcerer
  2515 | D        | Noticed an orc sorcerer
  2519 | D        | Noticed an orc sorcerer
  2526 | D        | Killed an orc sorcerer
  2530 | D        | Killed an orc sorcerer
  2530 | D        | Identified the +10 halberd of Pausiluo {flame, Dex+3} (Trog
                  | gifted it to you in the Dungeon)
  2530 | D        | Received a gift from Trog
  2580 | D        | Bought the +0 pair of fencer's gloves {Riposte Dex+3} for
                  | 560 gold pieces
  2580 | D        | Found the +0 pair of fencer's gloves {Riposte Dex+3}
  2580 | D        | Bought a scroll of blinking for 105 gold pieces
  2580 | D        | Bought 2 potions of might for 112 gold pieces
  2580 | D        | Bought a tin of tremorstones (2/2) for 560 gold pieces
  2582 | D        | Bought a potion of haste for 110 gold pieces
  2582 | D        | Bought a potion of heal wounds for 55 gold pieces
  2582 | D        | Bought a potion of haste for 110 gold pieces
  2582 | D        | Bought a potion of curing for 33 gold pieces
  2582 | D        | Bought a potion of heal wounds for 55 gold pieces
  2582 | D        | Bought a potion of curing for 33 gold pieces
  2586 | D        | Bought a runed hat for 182 gold pieces
  2734 | D        | Noticed an ogre mage
  2734 | D        | Noticed a centaur warrior
  2734 | D        | Noticed an ogre mage
  2734 | D        | Noticed a brown ugly thing
  2734 | D        | Noticed an orc knight
  2735 | D        | Killed an orc knight
  2741 | D        | Killed a brown ugly thing
  2744 | D        | Killed an ogre mage
  2745 | D        | Noticed a fire crab
  2747 | D        | Killed a centaur warrior
  2747 | D        | Received a gift from Trog
  2748 | D        | Reached XP level 12. HP: 130/130 MP: 12/12
  2749 | D        | Killed an ogre mage
  2750 | D        | Noticed an ice dragon
  2760 | D        | Noticed a tengu warrior
  2762 | D        | Noticed a fire dragon
  2955 | D        | Killed an ice dragon
  2965 | D        | Killed a tengu warrior
  2965 | D        | Received a gift from Trog
  2971 | D        | Killed a fire dragon
  3021 | D        | Noticed a rakshasa
  3032 | D        | Killed a rakshasa
  3119 | D        | Noticed Rupert
  3135 | D        | Slain by Rupert

Illustrated notes

Levels and vault maps discovered:
D:        linesprint [early_d, line_temple, items_1, d_10, items_2, lair_1,
          lair_end, items_3, orc_1, orc_end, items_4, d_15, swamp_1, shoals_1,
          snake_1, spider_1, d_20, vaults_1, items_5, swamp_end, shoals_end,
          snake_end, spider_end, vaults_end, d_27, items_6, zot_1, zot_end,
          crypt_end, forest_end, elf_end, slime_end, tomb_end, abyss_end,
          pan_hell_end]

Skill      XL: |  1  2  3  4  5  6  7  8  9 10 11 12 |
---------------+-------------------------------------+-----
Dodging        | 3 4 6 7 8 9 10 11 12 13 | 13.5
Fighting       | 4 6 8 10 11 12 14 16 19 20 | 20.6
Polearms       | 4 5 8 10 12 13 16 18 19 20 | 20.8
Evocations     | 1 2 3 4 |  4.0
Stealth        | 1 3 6 7 |  7.5

Action                   |  1- 3 |  4- 6 |  7- 9 | 10-12 || total
-------------------------+-------+-------+-------+-------++-------
Melee: Spear             |    23 |     5 |       |       ||    28
       Tailslap          |     2 |     4 |     6 |    31 ||    43
       Halberd           |       |    22 |    53 |    15 ||    90
       Trident           |       |       |       |   155 ||   155
       Punch             |       |       |       |     1 ||     1
       Glaive            |       |       |       |    75 ||    75
Invok: Berserk           |     1 |     1 |     2 |     9 ||    13
       Brothers in Arms  |       |       |     1 |     1 ||     2
 Abil: Breathe Fire      |       |       |     2 |     2 ||     4
Evoke: Wand              |       |       |     4 |       ||     4
  Use: Potion            |       |       |     4 |       ||     4
       Scroll            |       |       |     1 |       ||     1
 Stab: Distracted        |       |       |       |     2 ||     2
       Sleeping          |       |       |       |     2 ||     2
Armor: Skin              |     4 |     7 |     6 |    28 ||    45
Dodge: Dodged            |    10 |     8 |    14 |    74 ||   106

Table legend: (Time is in decaauts)
 A = Elapsed time spent in this place.
 B = Non-inter-level travel time spent in this place.
 C = Inter-level travel time spent in this place.
 D = Time resting spent in this place.
 E = Time spent auto-exploring this place.
 F = Levels seen in this place.
 G = Mean time per level.
                   A        B        C        D        E       F      G
               +--------+--------+--------+--------+--------+-----+--------+
         Total |   3103 |   3103 |      0 |   1732 |    512 |   1 | 3103.0 |
       Dungeon |   3103 |   3103 |      0 |   1732 |    512 |   1 | 3103.0 |
               +--------+--------+--------+--------+--------+-----+--------+

Top non-repeatable levels by time:
       D: 3103 daAuts
